 Dungeon Crawl Stone Soup version 0.30-a0-219-gf2db51d15e (webtiles) character file.

Game seed: 18058956337481637868

2989 lorenzova the Thaumaturge (level 9, -7/45 HPs)
             Began as a Deep Elf Conjurer on Oct 6, 2022.
             Was a Follower of Vehumet.
             Shot with an arrow by a centaur (8 damage)
             ... on level 8 of the Dungeon.
             The game lasted 00:13:39 (8670 turns).

lorenzova the Thaumaturge (Deep Elf Conjurer)       Turns: 8670, Time: 00:13:39

Health: -7/45      AC:  3    Str:  4    XL:     9   Next: 53%
Magic:  8/26       EV: 12    Int: 28    God:    Vehumet [*.....]
Gold:   385        SH:  5    Dex: 13    Spells: 19/30 levels left

rFire   . . .      SeeInvis .    h - +2 short sword (venom)
rCold   . . .      Faith    .    (no shield)
rNeg    . . .      Spirit   .    a - +0 robe
rPois   .          Reflect  +    k - +1 hat
rElec   .          Harm     .    (no cloak)
rCorr   .          Rampage  .    (no gloves)
Will    +....                    (no boots)
Stlth   ++........               x - amulet of reflection
HPRegen 0.27/turn                p - ring of willpower
MPRegen 0.20/turn                (no ring)

@: slowed, very slow
A: no striking features
a: Renounce Religion


You were on level 8 of the Dungeon.
You worshipped Vehumet.
Vehumet was aware of your devotion.
You visited 1 branch of the dungeon, and saw 8 of its levels.

You collected 385 gold pieces.

Inventory:

Hand Weapons
 h - a +2 short sword of venom (weapon)
Armour
 a - a +0 robe (worn)
 k - a +1 hat (worn)
Magical Staves
 j - a staff of death
Jewellery
 p - a ring of willpower (left hand)
 v - an amulet of faith
 x - an amulet of reflection (around neck)
Wands
 A - a wand of acid (11)
 B - a wand of mindburst (16)
Scrolls
 d - 2 scrolls of amnesia {unknown}
 e - 2 scrolls of enchant weapon {unknown}
 f - a scroll of immolation {unknown}
 g - 2 scrolls of teleportation
 l - a scroll of fog {unknown}
 q - 3 scrolls of vulnerability {unknown}
 t - 2 scrolls of noise {unknown}
 u - a scroll of enchant armour {unknown}
 w - 2 scrolls of fear {unknown}
 y - a scroll of poison {unknown}
Potions
 b - a potion of magic
 c - 4 potions of curing
 i - 3 potions of lignification
 m - a potion of resistance {unknown}
 n - a potion of cancellation {unknown}
 o - 3 potions of ambrosia
 r - a potion of flight {unknown}
 s - 2 potions of haste
 z - 2 potions of might
 C - a potion of mutation {unknown}


   Skills:
 - Level 2.4 Dodging
 - Level 2.4 Stealth
 * Level 11.4 Spellcasting
 * Level 10.3 Conjurations
 + Level 5.1 Hexes
 + Level 4.2 Translocations


You had 19 spell levels left.
You knew the following spells:

 Your Spells              Type           Power      Damage    Failure   Level
a - Magic Dart            Conj           100%       1d8       1%          1
b - Searing Ray           Conj           100%       2d8       1%          2
c - Iskenderun's Mystic   Conj/Tloc      54%        2d12      1%          4
d - Fulminant Prism       Conj/Hex       28%        3d14      1%          4

Your spell library contained the following spells:

 Spells                   Type           Power      Damage    Failure   Level
 Freeze                   Ice            60%        1d8       3%          1
 Blink                    Tloc           78%        N/A       1%          2
 Dazzling Flash           Conj/Hex       100%       N/A       1%          3
 Stone Arrow              Conj/Erth      88%        3d12      1%          3
 Sandblast                Erth           30%        2d9       3%          1
 Sting                    Tmut/Pois      60%        1d6       3%          1
 Cigotuvi's Dreadful Rot  Necr/Pois/Air  30%        N/A       5%          2
 Passwall                 Tmut/Erth      12%        N/A       5%          2
 Poisonous Vapours        Pois/Air       30%        N/A       5%          2
 Sublimation of Blood     Necr           15%        N/A       5%          2
 Manifold Assault         Tloc           39%        N/A       6%          4
 Ignite Poison            Fire/Tmut/Pois 15%        N/A       11%         3
 Spider Form              Tmut/Pois      15%        N/A       11%         3
 Summon Mana Viper        Hex/Summ       30%        N/A       32%         5
 Olgreb's Toxic Radiance  Pois           15%        N/A       34%         4
 Summon Ice Beast         Ice/Summ       15%        N/A       34%         4
 Blade Hands              Tmut           7%         N/A       67%         5
 Eringya's Noxious Bog    Tmut/Pois      7%         N/A       99%         6
 Statue Form              Tmut/Erth      10%        N/A       99%         6
 Monstrous Menagerie      Summ           7%         N/A       100%        7
 Storm Form               Tmut/Air       7%         N/A       100%        7


Dungeon Overview and Level Annotations

Branches:
Dungeon (8/15)             Temple (0/1) D:6
   Lair: D:8-11

Altars:
Elyvilon
Gozag
Hepliaklqana
Vehumet

Shops:
D:4 *


Message History

The bullfrog attacks as you move away! The bullfrog misses you.
The bullfrog hits you.
The bullfrog hits you but does no damage.
You see here 4 gold pieces.
The bullfrog attacks as you move away! The bullfrog hits you!
The bullfrog hits you!
An orc comes into view.
It is wielding a +2 antimagic morningstar and quivering curare-tipped darts.
The orc throws a curare-tipped dart.
The curare-tipped dart hits you.
You are poisoned.
You have difficulty breathing.
You feel yourself slow down.
An orc wizard comes into view. It is wielding a +0 dagger.
You feel very sick. The bullfrog hits you!
* * * LOW HITPOINT WARNING * * *
An orc comes into view.
It is wielding a +1 hand axe of electrocution.
As you read the scroll of teleportation, it crumbles to dust.
You feel strangely unstable.
* * * LOW HITPOINT WARNING * * *
You feel very sick. The bullfrog closely misses you.
The orc throws a curare-tipped dart.
The curare-tipped dart closely misses you.
The bullfrog barely misses you.
You feel better. The bullfrog hits you.
* * * LOW HITPOINT WARNING * * *
The bullfrog hits you but does no damage.
You block the orc warrior's attack. The bullfrog barely misses you.
The orc closely misses you. The bullfrog hits you.
* * * LOW HITPOINT WARNING * * *
The orc warrior barely misses you. You block the orc's attack.
The bullfrog attacks as you move away! The bullfrog hits you.
* * * LOW HITPOINT WARNING * * *
Your surroundings suddenly seem different.
A water moccasin and a centaur come into view.
Found 2 red potions.
Found a stone staircase leading down.
The centaur shouts!
The centaur wields a +0 shortbow.
The centaur shoots an arrow.
The arrow hits you.
* * * LOW HITPOINT WARNING * * *
The centaur shoots an arrow.
The arrow hits you!
You die...

###.##..
#......###
##...Sc...###
##...........#
#............#
.............
#>.........
#..@......#
#.###..!...
.... # ...#.
#.... ###...#
#....
#.....##....
#....#.#....
...........
###.........
#...........


You could see a water moccasin (wandering) and a centaur.

Vanquished Creatures
  Pikel (D:7)
  3 water moccasins
  An orc warrior (D:6)
  A black bear (D:4)
  2 ice beasts
  2 sky beasts
  2 centaurs
  An ogre (D:5)
  4 lemures (D:7)
  3 phantoms
  A kobold brigand (D:6)
  3 bullfrogs
  A necrophage (D:4)
  A gnoll sergeant (D:7)
  3 scorpions
  3 killer bees (D:8)
  3 hounds
  2 iguanas
  Natasha (thrice) (D:2)
  3 orc wizards (D:6)
  Robin (D:2)
  8 gnolls
  7 adders
  A white imp (D:7)
  A worm (D:3)
  2 dart slugs
  12 orcs
  6 bats
  3 endoplasms
  6 giant cockroaches
  6 hobgoblins
  7 jackals
  A quokka (D:4)
  5 ball pythons
  13 goblins
  9 kobolds
  4 rats
135 creatures vanquished.

Vanquished Creatures (others)
  7 fulminant prisms
7 creatures vanquished.

Grand Total: 142 creatures vanquished

Notes
Turn   | Place    | Note
-------+----------+-------------------------------------------
     0 | D:1      | lorenzova the Deep Elf Conjurer began the quest for the
                  | Orb.
     0 | D:1      | Reached XP level 1. HP: 10/10 MP: 6/6
   201 | D:1      | Reached XP level 2. HP: 15/15 MP: 4/8
   239 | D:1      | Learned a level 2 spell: Searing Ray
   731 | D:2      | Noticed Natasha
   733 | D:2      | Noticed a crimson imp
   737 | D:2      | Killed Natasha
   738 | D:2      | Reached skill level 4 in Spellcasting
   738 | D:2      | Reached skill level 5 in Conjurations
   738 | D:2      | Reached XP level 3. HP: 19/19 MP: 0/10
   915 | D:2      | Noticed Natasha
   918 | D:2      | Killed Natasha
   919 | D:2      | Reached XP level 4. HP: 24/24 MP: 6/12
   983 | D:2      | Noticed Natasha
  1002 | D:2      | Noticed Robin
  1038 | D:2      | Killed Natasha
  1039 | D:2      | Reached skill level 5 in Spellcasting
  1051 | D:2      | Killed Robin
  1579 | D:2      | Reached XP level 5. HP: 25/28 MP: 14/14
  1651 | D:2      | Got the Encyclopedia of Pestilence and the Mausoleum
  1889 | D:3      | Found a radiant altar of Vehumet.
  1920 | D:3      | Became a worshipper of Vehumet
  2465 | D:4      | Noticed a phantom
  2493 | D:4      | Found Atulosch's Assorted Antiques.
  2507 | D:4      | Killed a phantom
  2508 | D:4      | Reached skill level 6 in Spellcasting
  2641 | D:4      | Reached XP level 6. HP: 32/32 MP: 12/17
  3163 | D:4      | Reached skill level 7 in Spellcasting
  3515 | D:4      | Reached XP level 7. HP: 36/36 MP: 15/19
  3949 | D:5      | Entered Level 5 of the Dungeon
  4029 | D:5      | Reached * piety under Vehumet
  4029 | D:5      | Offered knowledge of Freeze by Vehumet.
  4030 | D:5      | Reached skill level 8 in Spellcasting
  4328 | D:5      | Learned a level 4 spell: Iskenderun's Mystic Blast
  4333 | D:5      | Learned a level 4 spell: Fulminant Prism
  4421 | D:5      | Got Xusosof's Tome of Coarse Shaping
  4466 | D:5      | Reached skill level 1 in Hexes
  4969 | D:6      | Reached skill level 1 in Translocations
  5093 | D:6      | Reached XP level 8. HP: 41/41 MP: 17/22
  5327 | D:6      | Found a staircase to the Ecumenical Temple.
  5338 | D:6      | Reached skill level 9 in Spellcasting
  6376 | D:6      | Found an opulent altar of Gozag.
  6917 | D:7      | Reached skill level 10 in Spellcasting
  7349 | D:7      | Reached XP level 9. HP: 45/45 MP: 7/25
  7580 | D:7      | Noticed Pikel
  7593 | D:7      | Killed Pikel
  7594 | D:7      | Reached skill level 10 in Conjurations
  7701 | D:7      | Found a white marble altar of Elyvilon.
  7993 | D:7      | Found a hazy altar of Hepliaklqana.
  8076 | D:7      | Reached skill level 11 in Spellcasting
  8633 | D:8      | Reached skill level 5 in Hexes
  8670 | D:8      | HP: 1/45 [centaur/arrow (5)]
  8670 | D:8      | Shot with an arrow by a centaur

Illustrated notes

Levels and vault maps discovered:
D:1:      dpeg_arrival_more_subterranean_lakeside_camping, layout_rooms
D:2:      layout_loops_cross, uniq_natasha, uniq_robin
D:3:      layout_loops_ring, nicolae_vehumet_radiance
D:4:      layout_basic, serial_shops, shop_statue
D:5:      layout_basic
D:6:      layout_basic, overflow_temple_1_default, minmay_temple_entry_glass
D:7:      layout_cave_pools, elyvilon_altar_4, lemuel_coloured_pillars_altar,
          roderic_roman_lattice, uniq_pikel
D:8:      layout_cave_pools, uniq_gastronok

Skill      XL: |  1  2  3  4  5  6  7  8  9 |
---------------+----------------------------+-----
Spellcasting   | 4 5 6 7 8 10 11 | 11.4
Conjurations   | 5 6 7 8 9 10 | 10.3
Hexes          | 1 3 5 |  5.1
Translocations | 1 3 4 |  4.2
Dodging        | |  2.4
Stealth        | |  2.4

Action                   |  1- 3 |  4- 6 |  7- 9 || total
-------------------------+-------+-------+-------++-------
Melee: Short sword       |       |    25 |     5 ||    30
 Cast: Magic Dart        |    31 |    56 |    78 ||   165
       Searing Ray       |     3 |    16 |    37 ||    56
       Fulminant Prism   |       |       |     7 ||     7
       Iskenderun's Myst |       |       |    14 ||    14
  Use: Scroll            |       |       |     7 ||     7
       Potion            |       |       |     1 ||     1
Armor: Robe              |     1 |     7 |    11 ||    19
Dodge: Dodged            |     5 |    27 |    31 ||    63
Block: Other             |       |       |    15 ||    15
       Reflection        |       |       |     2 ||     2

Table legend: (Time is in decaauts)
 A = Elapsed time spent in this place.
 B = Non-inter-level travel time spent in this place.
 C = Inter-level travel time spent in this place.
 D = Time resting spent in this place.
 E = Time spent auto-exploring this place.
 F = Levels seen in this place.
 G = Mean time per level.
                   A        B        C        D        E       F      G
               +--------+--------+--------+--------+--------+-----+--------+
         Total |   8674 |   8467 |    207 |   3275 |   4317 |   8 | 1084.2 |
       Dungeon |   8674 |   8467 |    207 |   3275 |   4317 |   8 | 1084.2 |
               +--------+--------+--------+--------+--------+-----+--------+

Top non-repeatable levels by time:
     D:6: 2221 daAuts
     D:4: 1459 daAuts
     D:7: 1213 daAuts
     D:5: 997 daAuts
     D:2: 915 daAuts
     D:1: 808 daAuts
     D:3: 765 daAuts
     D:8: 292 daAuts
